Match 45702417
Unlisted

Match 45702417
End
Royal Engineer Section
Construct Section Command Post
Selects Canadian Shock Battlegroup
Dingo Light Scout Car
Vickers Machine Gun Team
Selects Attacking Spirit
Selects Canadian Shock Section
Canadian Shock Section
Construct Platoon Command Post
Selects Incendiary Munitions
Humber Armored Car
Canadian Shock Section
Construct Field Infirmary
Construct Company Command Post
Vivian
CommieRed
Thank You Chef
Nolo
屑馒头_super sher
breadstix
BaBaBuLuBaBear
迷龙
0
0

Comments sign in to comment!

No comments posted yet!